[ AOE2 MATCH · #477441956 ]
UnrankedItalians vs Teutons
[ REPLAY ANALYSIS · EXTRACTED FROM THE RECORDED GAME ]
Feudal
9:01
Castle
18:31
Imperial
25:01
| APM avg | 26.5 |
| APM peak | 63 |
| eAPM avg | 10.3 |
| Villagers / military | 73 / 57 |
Focus
⚔️ 30.3% · 🌾 69.7%
Genoese Crossbowman ×52 · Trebuchet (Packed) ×5
Feudal
10:19
Castle
19:33
Imperial
29:00
| APM avg | 27.9 |
| APM peak | 69 |
| eAPM avg | 21.6 |
| Villagers / military | 108 / 6 |
Focus
⚔️ 14.3% · 🌾 85.7%
Scorpion ×5 · Trebuchet (Packed) ×1
Feudal
11:40
Castle
14:21
Imperial
—
| APM avg | 22.3 |
| APM peak | 84 |
| eAPM avg | 16.0 |
| Villagers / military | 143 / 1 |
Focus
⚔️ 7.9% · 🌾 92.1%
Monk ×1
Feudal
14:43
Castle
18:17
Imperial
23:07
| APM avg | 36.8 |
| APM peak | 65 |
| eAPM avg | 20.8 |
| Villagers / military | 114 / 71 |
Focus
⚔️ 30.0% · 🌾 70.0%
Genoese Crossbowman ×71
Feudal
9:13
Castle
23:24
Imperial
31:04
| APM avg | 31.7 |
| APM peak | 61 |
| eAPM avg | 17.2 |
| Villagers / military | 121 / 193 |
Focus
⚔️ 23.8% · 🌾 76.2%
Steppe Lancer ×192 · Scout Cavalry ×1
Feudal
12:01
Castle
15:40
Imperial
29:10
| APM avg | 21.8 |
| APM peak | 52 |
| eAPM avg | 16.1 |
| Villagers / military | 179 / 116 |
Focus
⚔️ 15.1% · 🌾 84.9%
War Elephant ×116
Feudal
11:54
Castle
15:49
Imperial
33:02
| APM avg | 34.6 |
| APM peak | 78 |
| eAPM avg | 16.0 |
| Villagers / military | 101 / 75 |
Focus
⚔️ 27.9% · 🌾 72.1%
Plumed Archer ×72 · Petard ×3
Feudal
11:13
Castle
15:43
Imperial
30:13
| APM avg | 45.9 |
| APM peak | 84 |
| eAPM avg | 30.6 |
| Villagers / military | 281 / 124 |
Focus
⚔️ 35.4% · 🌾 64.6%
Spearman ×83 · Scorpion ×29 · Battering Ram ×9 · Monk ×2 · Scout Cavalry ×1
Match map
Initial resources + every placement click. Lines = walls · curves = elevation contours. ◆ gold · ⬟ stone · ● berries · ✦ relic · ◌ wall gap
Your base· ✓ Closed at 18:31 · 0t walls · 2 gate(s)
EXILE | Neany's base· ✓ Closed at 19:33 · 0t walls · 3 gate(s)
TW_Picar's base· ✓ Closed at 14:21 · 0t walls · 2 gate(s)
EXILE | LauraHero's base· ✓ Closed at 18:17 · 0t walls · 2 gate(s)
Visbot2187's base· ✓ Closed at 23:24 · 0t walls · 4 gate(s)
Obi's base· ✓ Closed at 15:40 · 0t walls · 3 gate(s)
76561199637814403's base· ✓ Closed at 15:49 · 0t walls · 3 gate(s)
BlackAmaru.PE's base· ✓ Closed at 15:43 · 16t walls · 2 gate(s)
Smoothed initial terrain · ◌ = detected wall gap · hover for details
Inputs per minute
— Mick... - - EXILE | Neany
Build order — Mick...
First 150 of 217 actions detected
| 0:02 | Build | House |
| 0:04 | Build | House |
| 0:05 | Create | Villager (Male) |
| 0:05 | Create | Villager (Male) |
| 0:05 | Create | Villager (Male) |
| 0:06 | Create | Villager (Male) |
| 1:50 | Create | Villager (Male) |
| 1:50 | Create | Villager (Male) |
| 2:09 | Create | Villager (Male) |
| 2:41 | Create | Villager (Male) |
| 2:41 | Create | Villager (Male) |
| 2:42 | Create | Villager (Male) |
| 2:43 | Build | Lumber Camp |
| 3:17 | Build | House |
| 3:18 | Build | House |
| 3:25 | Create | Villager (Male) |
| 3:25 | Create | Villager (Male) |
| 3:26 | Create | Villager (Male) |
| 4:03 | Create | Villager (Male) |
| 4:04 | Create | Villager (Male) |
| 4:04 | Create | Villager (Male) |
| 4:04 | Create | Villager (Male) |
| 5:03 | Create | Villager (Male) |
| 5:41 | Build | Mill |
| 5:59 | Create | Villager (Male) |
| 6:10 | Research | Loom |
| 6:36 | Research | Feudal Age |
| 7:10 | Build | Mining Camp |
| 8:27 | Create | Villager (Male) |
| 8:27 | Create | Villager (Male) |
| 9:01 | Age | Feudal Age |
| 9:30 | Build | Farm |
| 9:41 | Research | Double-Bit Axe |
| 9:42 | Research | Horse Collar |
| 9:45 | Create | Villager (Male) |
| 9:54 | Build | Farm |
| 9:58 | Build | House |
| 10:04 | Create | Villager (Male) |
| 10:19 | Build | Farm |
| 10:38 | Create | Villager (Male) |
| 10:44 | Build | Farm |
| 11:03 | Create | Villager (Male) |
| 11:09 | Build | Farm |
| 11:28 | Create | Villager (Male) |
| 11:34 | Build | Farm |
| 11:50 | Create | Villager (Male) |
| 11:59 | Build | Farm |
| 12:19 | Build | House |
| 12:20 | Build | House |
| 12:25 | Create | Villager (Male) |
| 12:26 | Create | Villager (Male) |
| 12:31 | Build | Farm |
| 12:59 | Build | Farm |
| 13:05 | Create | Villager (Male) |
| 13:18 | Create | Villager (Male) |
| 13:53 | Create | Villager (Male) |
| 14:13 | Build | Blacksmith |
| 14:36 | Create | Villager (Male) |
| 14:37 | Create | Villager (Male) |
| 14:54 | Build | Market |
| 15:20 | Create | Villager (Male) |
| 15:43 | Research | Castle Age |
| 15:57 | Research | Gold Mining |
| 16:13 | Build | Mining Camp |
| 16:33 | Create | Villager (Male) |
| 16:33 | Create | Villager (Male) |
| 16:49 | Research | Stone Mining |
| 17:24 | Build | House |
| 17:26 | Build | House |
| 17:36 | Build | House |
| 17:57 | Create | Villager (Male) |
| 18:31 | Age | Castle Age |
| 18:47 | Build | University |
| 18:58 | Create | Villager (Male) |
| 19:12 | Research | Bow Saw |
| 19:13 | Research | Heavy Plow |
| 19:16 | Research | Stone Shaft Mining |
| 19:46 | Build | Siege Workshop |
| 19:49 | Create | Villager (Male) |
| 20:18 | Create | Villager (Male) |
| 20:19 | Build | Farm |
| 20:47 | Create | Villager (Male) |
| 20:50 | Build | Farm |
| 21:05 | Build | Farm |
| 21:13 | Build | Farm |
| 21:23 | Create | Villager (Male) |
| 21:30 | Build | Farm |
| 21:42 | Research | Imperial Age |
| 22:02 | Build | Castle |
| 22:04 | Build | Mining Camp |
| 22:07 | Build | Farm |
| 22:28 | Build | House |
| 22:35 | Build | Palisade Wall |
| 22:57 | Build | House |
| 23:03 | Build | Palisade Wall |
| 23:56 | Research | Ballistics |
| 24:00 | Research | Fletching |
| 24:00 | Research | Padded Archer Armor |
| 24:05 | Create | Villager (Male) |
| 24:11 | Build | Mining Camp |
| 24:15 | Create | Genoese Crossbowman |
| 24:17 | Create | Genoese Crossbowman |
| 24:18 | Create | Genoese Crossbowman |
| 24:27 | Create | Villager (Male) |
| 24:27 | Create | Villager (Male) |
| 24:45 | Research | Bodkin Arrow |
| 25:01 | Age | Imperial Age |
| 25:02 | Create | Trebuchet (Packed) |
| 25:18 | Create | Villager (Male) |
| 25:32 | Create | Trebuchet (Packed) |
| 25:59 | Build | House |
| 26:00 | Build | House |
| 26:01 | Build | House |
| 26:04 | Build | Barracks |
| 26:13 | Create | Genoese Crossbowman |
| 26:22 | Research | Chemistry |
| 26:25 | Create | Villager (Male) |
| 26:26 | Create | Villager (Male) |
| 26:56 | Create | Genoese Crossbowman |
| 27:04 | Build | Archery Range |
| 27:07 | Research | Bracer |
| 27:12 | Create | Villager (Male) |
| 27:36 | Build | Farm |
| 27:37 | Create | Villager (Male) |
| 27:43 | Create | Genoese Crossbowman |
| 27:43 | Create | Genoese Crossbowman |
| 28:00 | Research | Leather Archer Armor |
| 28:04 | Create | Genoese Crossbowman |
| 28:04 | Create | Genoese Crossbowman |
| 28:06 | Build | Farm |
| 28:09 | Create | Villager (Male) |
| 28:20 | Create | Genoese Crossbowman |
| 28:21 | Create | Genoese Crossbowman |
| 28:47 | Create | Genoese Crossbowman |
| 28:47 | Create | Genoese Crossbowman |
| 28:49 | Research | Wheelbarrow |
| 29:18 | Create | Villager (Male) |
| 29:19 | Create | Villager (Male) |
| 29:35 | Create | Genoese Crossbowman |
| 29:36 | Create | Genoese Crossbowman |
| 30:05 | Create | Genoese Crossbowman |
| 30:05 | Create | Genoese Crossbowman |
| 30:11 | Research | Ring Archer Armor |
| 30:15 | Create | Villager (Male) |
| 30:15 | Create | Villager (Male) |
| 30:28 | Create | Genoese Crossbowman |
| 30:28 | Create | Genoese Crossbowman |
| 30:39 | Create | Trebuchet (Packed) |
| 31:12 | Create | Genoese Crossbowman |
| 31:12 | Create | Genoese Crossbowman |
Build order — EXILE | Neany
First 150 of 230 actions detected
| 0:02 | Create | Villager (Male) |
| 0:02 | Create | Villager (Male) |
| 0:02 | Create | Villager (Male) |
| 0:03 | Build | House |
| 0:05 | Build | House |
| 0:13 | Create | Villager (Male) |
| 0:13 | Create | Villager (Male) |
| 1:26 | Create | Villager (Male) |
| 1:26 | Create | Villager (Male) |
| 1:46 | Build | Lumber Camp |
| 1:49 | Create | Villager (Male) |
| 1:50 | Create | Villager (Male) |
| 2:15 | Create | Villager (Male) |
| 2:41 | Create | Villager (Male) |
| 2:41 | Create | Villager (Male) |
| 3:02 | Create | Villager (Male) |
| 3:03 | Create | Villager (Male) |
| 3:25 | Build | House |
| 4:11 | Create | Villager (Male) |
| 4:11 | Create | Villager (Male) |
| 4:11 | Create | Villager (Male) |
| 4:11 | Create | Villager (Male) |
| 4:11 | Create | Villager (Male) |
| 4:11 | Create | Villager (Male) |
| 4:11 | Create | Villager (Male) |
| 4:11 | Create | Villager (Male) |
| 4:11 | Create | Villager (Male) |
| 4:11 | Create | Villager (Male) |
| 4:11 | Create | Villager (Male) |
| 4:28 | Build | Mill |
| 5:11 | Create | Villager (Male) |
| 5:12 | Create | Villager (Male) |
| 5:34 | Create | Villager (Male) |
| 5:35 | Create | Villager (Male) |
| 5:44 | Create | Villager (Male) |
| 5:44 | Create | Villager (Male) |
| 6:15 | Create | Villager (Male) |
| 6:15 | Create | Villager (Male) |
| 6:34 | Create | Villager (Male) |
| 6:35 | Research | Loom |
| 8:09 | Research | Feudal Age |
| 8:37 | Build | Mining Camp |
| 8:56 | Build | House |
| 10:15 | Create | Villager (Male) |
| 10:19 | Age | Feudal Age |
| 10:51 | Create | Villager (Male) |
| 10:55 | Create | Villager (Male) |
| 10:59 | Build | Mining Camp |
| 11:06 | Build | House |
| 11:31 | Create | Villager (Male) |
| 11:36 | Build | Market |
| 11:54 | Create | Villager (Male) |
| 12:11 | Build | Mill |
| 12:29 | Create | Villager (Male) |
| 12:48 | Build | Farm |
| 12:50 | Build | Farm |
| 13:00 | Create | Villager (Male) |
| 13:06 | Create | Villager (Male) |
| 13:23 | Build | Farm |
| 13:32 | Build | Farm |
| 13:36 | Build | Farm |
| 13:52 | Create | Villager (Male) |
| 14:19 | Build | Blacksmith |
| 14:29 | Build | Farm |
| 14:31 | Create | Villager (Male) |
| 14:41 | Build | House |
| 15:01 | Create | Villager (Male) |
| 15:14 | Build | Farm |
| 15:21 | Build | Outpost |
| 15:31 | Build | Farm |
| 15:32 | Create | Villager (Male) |
| 16:12 | Create | Villager (Male) |
| 16:27 | Build | Outpost |
| 16:53 | Research | Castle Age |
| 17:13 | Build | Outpost |
| 17:24 | Build | Outpost |
| 17:45 | Research | Double-Bit Axe |
| 17:53 | Research | Horse Collar |
| 18:37 | Build | Outpost |
| 18:52 | Research | Wheelbarrow |
| 19:11 | Build | Outpost |
| 19:15 | Research | Town Watch |
| 19:24 | Build | Outpost |
| 19:33 | Age | Castle Age |
| 19:42 | Build | Town Center |
| 19:57 | Create | Villager (Male) |
| 20:07 | Build | House |
| 20:10 | Build | House |
| 20:27 | Build | Town Center |
| 20:30 | Create | Villager (Male) |
| 20:31 | Create | Villager (Male) |
| 20:31 | Create | Villager (Male) |
| 20:38 | Build | House |
| 20:49 | Create | Villager (Male) |
| 20:58 | Build | Outpost |
| 21:01 | Create | Villager (Male) |
| 21:01 | Create | Villager (Male) |
| 21:05 | Build | Farm |
| 21:10 | Build | Farm |
| 21:15 | Build | Farm |
| 21:22 | Research | Bow Saw |
| 21:23 | Create | Villager (Male) |
| 21:23 | Create | Villager (Male) |
| 21:25 | Build | Farm |
| 21:31 | Build | House |
| 21:32 | Build | House |
| 21:36 | Build | Outpost |
| 21:37 | Create | Villager (Male) |
| 21:47 | Build | Farm |
| 21:55 | Create | Villager (Male) |
| 22:08 | Research | Heavy Plow |
| 22:11 | Build | Farm |
| 22:18 | Build | Farm |
| 22:24 | Build | House |
| 22:26 | Build | House |
| 22:34 | Build | House |
| 22:35 | Create | Villager (Male) |
| 22:40 | Create | Villager (Male) |
| 22:40 | Create | Villager (Male) |
| 22:40 | Create | Villager (Male) |
| 22:48 | Create | Villager (Male) |
| 23:04 | Build | Farm |
| 23:08 | Build | Farm |
| 23:12 | Build | Farm |
| 23:15 | Build | House |
| 23:16 | Build | House |
| 23:28 | Build | Farm |
| 23:45 | Build | Castle |
| 23:49 | Create | Villager (Male) |
| 23:51 | Build | Farm |
| 23:55 | Build | Farm |
| 23:59 | Build | Farm |
| 24:02 | Build | Farm |
| 24:05 | Create | Villager (Male) |
| 24:14 | Build | House |
| 24:19 | Create | Villager (Male) |
| 24:20 | Create | Villager (Male) |
| 24:35 | Build | Farm |
| 24:39 | Build | Farm |
| 24:41 | Build | Farm |
| 24:44 | Build | Farm |
| 25:50 | Research | Imperial Age |
| 26:07 | Build | Farm |
| 26:18 | Create | Villager (Male) |
| 26:25 | Create | Villager (Male) |
| 26:26 | Create | Villager (Male) |
| 26:34 | Build | Lumber Camp |
| 26:36 | Create | Villager (Male) |
| 26:37 | Create | Villager (Male) |
| 26:37 | Create | Villager (Male) |
Build order — TW_Picar
First 150 of 295 actions detected
| 0:01 | Create | Villager (Male) |
| 0:03 | Build | House |
| 0:04 | Build | House |
| 0:13 | Create | Villager (Male) |
| 0:14 | Create | Villager (Male) |
| 0:14 | Create | Villager (Male) |
| 1:26 | Create | Villager (Male) |
| 1:27 | Create | Villager (Male) |
| 1:54 | Create | Villager (Male) |
| 1:54 | Create | Villager (Male) |
| 2:31 | Create | Villager (Male) |
| 2:35 | Create | Villager (Male) |
| 3:00 | Create | Villager (Male) |
| 3:01 | Create | Villager (Male) |
| 3:22 | Create | Villager (Male) |
| 3:49 | Build | House |
| 3:50 | Build | House |
| 4:18 | Create | Villager (Male) |
| 4:21 | Build | Lumber Camp |
| 4:40 | Create | Villager (Male) |
| 5:01 | Create | Villager (Male) |
| 5:01 | Create | Villager (Male) |
| 5:32 | Create | Villager (Male) |
| 5:33 | Create | Villager (Male) |
| 6:09 | Create | Villager (Male) |
| 6:54 | Build | Mill |
| 6:56 | Create | Villager (Male) |
| 7:19 | Build | Mining Camp |
| 8:06 | Build | Farm |
| 8:14 | Create | Villager (Male) |
| 8:15 | Create | Villager (Male) |
| 8:37 | Build | House |
| 8:42 | Build | House |
| 8:44 | Build | House |
| 8:59 | Create | Villager (Male) |
| 9:30 | Research | Feudal Age |
| 10:13 | Build | Farm |
| 10:29 | Build | Farm |
| 11:40 | Age | Feudal Age |
| 11:41 | Research | Castle Age |
| 11:41 | Research | Castle Age |
| 12:10 | Build | Lumber Camp |
| 12:19 | Research | Double-Bit Axe |
| 12:21 | Research | Horse Collar |
| 13:28 | Create | Villager (Male) |
| 14:21 | Age | Castle Age |
| 14:23 | Create | Villager (Male) |
| 14:26 | Build | Town Center |
| 14:27 | Research | Bow Saw |
| 14:39 | Build | Farm |
| 14:39 | Build | Farm |
| 14:39 | Build | Farm |
| 14:40 | Build | Farm |
| 14:40 | Build | Farm |
| 14:40 | Build | Farm |
| 14:44 | Create | Villager (Male) |
| 14:47 | Build | Farm |
| 14:56 | Create | Villager (Male) |
| 15:14 | Build | Town Center |
| 15:31 | Create | Villager (Male) |
| 15:54 | Create | Villager (Male) |
| 16:05 | Create | Villager (Male) |
| 16:09 | Create | Villager (Male) |
| 16:18 | Build | House |
| 16:21 | Build | House |
| 16:24 | Build | House |
| 16:26 | Build | House |
| 16:29 | Create | Villager (Male) |
| 16:29 | Create | Villager (Male) |
| 16:36 | Create | Villager (Male) |
| 16:36 | Create | Villager (Male) |
| 16:41 | Build | Farm |
| 16:43 | Build | Farm |
| 16:47 | Build | Farm |
| 16:48 | Build | Farm |
| 16:52 | Create | Villager (Male) |
| 17:09 | Build | Farm |
| 17:10 | Build | Farm |
| 17:18 | Build | Farm |
| 17:21 | Create | Villager (Male) |
| 17:22 | Create | Villager (Male) |
| 17:22 | Create | Villager (Male) |
| 17:27 | Create | Villager (Male) |
| 17:28 | Create | Villager (Male) |
| 17:37 | Create | Villager (Male) |
| 17:37 | Create | Villager (Male) |
| 17:49 | Create | Villager (Male) |
| 17:53 | Build | Farm |
| 17:56 | Build | Farm |
| 18:00 | Build | Farm |
| 18:03 | Create | Villager (Male) |
| 18:03 | Create | Villager (Male) |
| 18:08 | Build | Farm |
| 18:09 | Build | Farm |
| 18:10 | Build | Farm |
| 18:12 | Build | Farm |
| 18:14 | Build | Farm |
| 18:20 | Build | Farm |
| 18:21 | Build | Farm |
| 18:21 | Build | Farm |
| 18:21 | Build | Farm |
| 18:22 | Build | Farm |
| 18:22 | Build | Farm |
| 18:22 | Build | Farm |
| 18:29 | Create | Villager (Male) |
| 18:29 | Create | Villager (Male) |
| 18:34 | Create | Villager (Male) |
| 18:34 | Create | Villager (Male) |
| 18:47 | Build | House |
| 18:48 | Build | House |
| 18:52 | Build | House |
| 18:52 | Build | House |
| 18:53 | Build | House |
| 18:54 | Build | House |
| 18:56 | Create | Villager (Male) |
| 18:57 | Create | Villager (Male) |
| 18:57 | Create | Villager (Male) |
| 19:07 | Research | Heavy Plow |
| 19:08 | Research | Heavy Plow |
| 19:23 | Create | Villager (Male) |
| 19:24 | Create | Villager (Male) |
| 19:39 | Build | Town Center |
| 19:42 | Create | Villager (Male) |
| 19:47 | Create | Villager (Male) |
| 19:54 | Build | Farm |
| 19:55 | Build | Farm |
| 19:55 | Build | Farm |
| 19:56 | Build | Farm |
| 20:08 | Build | House |
| 20:09 | Build | House |
| 20:09 | Build | House |
| 20:10 | Build | House |
| 20:11 | Build | House |
| 20:13 | Create | Villager (Male) |
| 20:13 | Create | Villager (Male) |
| 20:15 | Create | Villager (Male) |
| 20:15 | Create | Villager (Male) |
| 20:23 | Research | Wheelbarrow |
| 20:24 | Research | Wheelbarrow |
| 20:25 | Research | Loom |
| 20:35 | Build | Town Center |
| 20:38 | Create | Villager (Male) |
| 20:38 | Create | Villager (Male) |
| 20:43 | Build | House |
| 20:44 | Build | House |
| 20:45 | Build | House |
| 20:46 | Build | House |
| 20:47 | Build | House |
| 20:51 | Build | House |
| 20:52 | Build | House |
Build order — EXILE | LauraHero
First 150 of 285 actions detected
| 0:01 | Create | Villager (Male) |
| 0:02 | Create | Villager (Male) |
| 0:02 | Create | Villager (Male) |
| 0:02 | Create | Villager (Male) |
| 0:05 | Build | House |
| 0:07 | Build | House |
| 1:23 | Create | Villager (Male) |
| 1:46 | Build | Lumber Camp |
| 1:56 | Create | Villager (Male) |
| 2:15 | Create | Villager (Male) |
| 2:39 | Create | Villager (Male) |
| 3:08 | Create | Villager (Male) |
| 3:26 | Build | House |
| 3:36 | Create | Villager (Male) |
| 4:17 | Create | Villager (Male) |
| 4:42 | Create | Villager (Male) |
| 4:48 | Build | Mill |
| 4:56 | Create | Villager (Male) |
| 5:33 | Create | Villager (Male) |
| 5:33 | Create | Villager (Male) |
| 5:36 | Create | Villager (Male) |
| 6:20 | Create | Villager (Male) |
| 6:20 | Create | Villager (Male) |
| 6:54 | Build | House |
| 7:04 | Build | Farm |
| 7:04 | Build | Farm |
| 7:05 | Build | Farm |
| 7:30 | Create | Villager (Male) |
| 7:33 | Create | Villager (Male) |
| 7:47 | Create | Villager (Male) |
| 7:48 | Create | Villager (Male) |
| 8:07 | Create | Villager (Male) |
| 8:09 | Build | Lumber Camp |
| 8:10 | Create | Villager (Male) |
| 8:24 | Create | Villager (Male) |
| 8:40 | Create | Villager (Male) |
| 8:48 | Create | Villager (Male) |
| 9:10 | Create | Villager (Male) |
| 9:20 | Build | House |
| 9:43 | Build | Mill |
| 9:48 | Create | Villager (Male) |
| 10:03 | Create | Villager (Male) |
| 10:13 | Create | Villager (Male) |
| 10:26 | Build | Mining Camp |
| 10:27 | Create | Villager (Male) |
| 10:31 | Create | Villager (Male) |
| 10:35 | Create | Villager (Male) |
| 10:54 | Build | Mining Camp |
| 11:13 | Build | Farm |
| 11:30 | Create | Villager (Male) |
| 11:31 | Research | Feudal Age |
| 11:38 | Build | House |
| 12:17 | Build | Farm |
| 12:18 | Create | Villager (Male) |
| 12:39 | Build | Farm |
| 13:32 | Build | Farm |
| 13:43 | Create | Villager (Male) |
| 13:43 | Create | Villager (Male) |
| 13:53 | Build | Farm |
| 14:04 | Build | Farm |
| 14:06 | Create | Villager (Male) |
| 14:15 | Build | House |
| 14:43 | Age | Feudal Age |
| 14:48 | Build | Market |
| 14:53 | Build | Blacksmith |
| 15:00 | Create | Villager (Male) |
| 15:11 | Research | Double-Bit Axe |
| 15:22 | Research | Horse Collar |
| 15:25 | Research | Gold Mining |
| 15:37 | Research | Castle Age |
| 15:43 | Build | House |
| 16:33 | Create | Villager (Male) |
| 16:41 | Build | House |
| 17:00 | Create | Villager (Male) |
| 17:11 | Build | House |
| 17:39 | Create | Villager (Male) |
| 17:45 | Build | House |
| 17:48 | Research | Loom |
| 17:51 | Research | Wheelbarrow |
| 18:17 | Age | Castle Age |
| 18:29 | Build | Castle |
| 18:33 | Create | Villager (Male) |
| 18:42 | Create | Villager (Male) |
| 18:47 | Create | Villager (Male) |
| 18:50 | Create | Villager (Male) |
| 19:18 | Build | House |
| 19:57 | Research | Imperial Age |
| 20:15 | Research | Bow Saw |
| 20:21 | Research | Padded Archer Armor |
| 20:24 | Research | Fletching |
| 20:33 | Build | Lumber Camp |
| 20:35 | Create | Villager (Male) |
| 20:44 | Build | Farm |
| 20:45 | Create | Villager (Male) |
| 20:50 | Create | Genoese Crossbowman |
| 20:52 | Create | Genoese Crossbowman |
| 21:01 | Create | Genoese Crossbowman |
| 21:25 | Create | Genoese Crossbowman |
| 21:38 | Build | House |
| 21:40 | Build | House |
| 21:56 | Build | House |
| 22:14 | Build | Town Center |
| 22:18 | Create | Genoese Crossbowman |
| 22:19 | Create | Genoese Crossbowman |
| 23:07 | Age | Imperial Age |
| 23:10 | Build | Gate |
| 23:16 | Create | Villager (Male) |
| 23:24 | Build | House |
| 23:25 | Build | House |
| 23:42 | Create | Villager (Male) |
| 23:42 | Create | Villager (Male) |
| 23:48 | Build | House |
| 23:51 | Create | Villager (Male) |
| 23:55 | Create | Villager (Male) |
| 24:11 | Create | Villager (Male) |
| 24:12 | Create | Villager (Male) |
| 24:14 | Create | Villager (Male) |
| 24:20 | Create | Genoese Crossbowman |
| 24:30 | Research | Loom |
| 24:33 | Create | Villager (Male) |
| 24:33 | Create | Genoese Crossbowman |
| 24:38 | Create | Villager (Male) |
| 24:39 | Create | Villager (Male) |
| 24:48 | Research | Two-Man Saw |
| 25:00 | Build | Farm |
| 25:01 | Build | Farm |
| 25:04 | Create | Genoese Crossbowman |
| 25:13 | Create | Villager (Male) |
| 25:14 | Create | Villager (Male) |
| 25:17 | Create | Genoese Crossbowman |
| 25:18 | Create | Genoese Crossbowman |
| 25:29 | Research | Padded Archer Armor |
| 25:32 | Build | Farm |
| 25:33 | Create | Genoese Crossbowman |
| 25:40 | Create | Genoese Crossbowman |
| 25:45 | Build | Farm |
| 25:56 | Build | Farm |
| 26:03 | Create | Genoese Crossbowman |
| 26:10 | Create | Villager (Male) |
| 26:23 | Create | Villager (Male) |
| 26:26 | Build | Farm |
| 26:27 | Create | Genoese Crossbowman |
| 26:43 | Create | Genoese Crossbowman |
| 26:52 | Create | Genoese Crossbowman |
| 27:06 | Research | Bodkin Arrow |
| 27:15 | Create | Genoese Crossbowman |
| 27:24 | Create | Genoese Crossbowman |
| 27:28 | Create | Villager (Male) |
| 27:28 | Create | Villager (Male) |
| 27:33 | Create | Villager (Male) |
Build order — Visbot2187
First 150 of 366 actions detected
| 0:03 | Create | Villager (Male) |
| 0:04 | Create | Villager (Male) |
| 0:04 | Create | Villager (Male) |
| 0:04 | Create | Villager (Male) |
| 0:05 | Create | Villager (Male) |
| 0:06 | Build | House |
| 0:08 | Build | House |
| 1:33 | Create | Villager (Male) |
| 2:08 | Create | Villager (Male) |
| 2:09 | Create | Villager (Male) |
| 2:25 | Build | Lumber Camp |
| 2:37 | Create | Villager (Male) |
| 2:38 | Create | Villager (Male) |
| 2:59 | Create | Villager (Male) |
| 3:00 | Create | Villager (Male) |
| 3:09 | Build | House |
| 3:21 | Create | Villager (Male) |
| 3:55 | Create | Villager (Male) |
| 3:56 | Create | Villager (Male) |
| 3:56 | Create | Villager (Male) |
| 4:36 | Create | Villager (Male) |
| 4:36 | Create | Villager (Male) |
| 4:40 | Build | Mill |
| 5:00 | Create | Villager (Male) |
| 5:00 | Create | Villager (Male) |
| 5:03 | Research | Loom |
| 6:23 | Create | Villager (Male) |
| 7:03 | Research | Feudal Age |
| 7:35 | Build | House |
| 9:13 | Age | Feudal Age |
| 9:14 | Create | Villager (Male) |
| 9:14 | Create | Villager (Male) |
| 9:25 | Build | Town Center |
| 9:39 | Create | Villager (Male) |
| 10:12 | Research | Double-Bit Axe |
| 10:39 | Create | Villager (Male) |
| 11:04 | Create | Villager (Male) |
| 11:04 | Create | Villager (Male) |
| 11:05 | Create | Villager (Male) |
| 11:05 | Create | Villager (Male) |
| 11:09 | Research | Horse Collar |
| 11:38 | Create | Villager (Male) |
| 11:39 | Create | Villager (Male) |
| 11:52 | Create | Villager (Male) |
| 11:58 | Build | Farm |
| 11:59 | Build | Farm |
| 12:00 | Build | Farm |
| 12:01 | Build | Farm |
| 12:03 | Build | Farm |
| 12:04 | Build | Farm |
| 12:09 | Create | Villager (Male) |
| 12:24 | Build | House |
| 12:25 | Build | House |
| 12:28 | Build | House |
| 12:32 | Build | House |
| 12:33 | Build | House |
| 12:47 | Research | Wheelbarrow |
| 12:48 | Create | Villager (Male) |
| 12:54 | Create | Villager (Male) |
| 13:16 | Build | Farm |
| 13:18 | Create | Villager (Male) |
| 13:24 | Create | Villager (Male) |
| 13:24 | Create | Villager (Male) |
| 13:24 | Create | Villager (Male) |
| 13:25 | Create | Villager (Male) |
| 13:41 | Build | Farm |
| 14:23 | Build | Farm |
| 14:24 | Build | Farm |
| 14:25 | Build | Farm |
| 14:26 | Build | Farm |
| 14:28 | Create | Villager (Male) |
| 14:31 | Build | House |
| 14:36 | Create | Villager (Male) |
| 14:47 | Build | Farm |
| 15:09 | Build | House |
| 15:10 | Build | House |
| 15:11 | Create | Villager (Male) |
| 15:11 | Create | Villager (Male) |
| 15:22 | Create | Villager (Male) |
| 15:23 | Create | Villager (Male) |
| 15:57 | Create | Villager (Male) |
| 15:58 | Create | Villager (Male) |
| 16:02 | Build | Mining Camp |
| 16:08 | Build | House |
| 16:10 | Build | House |
| 16:11 | Build | House |
| 16:15 | Build | Farm |
| 16:30 | Create | Villager (Male) |
| 16:30 | Create | Villager (Male) |
| 16:38 | Create | Villager (Male) |
| 16:38 | Create | Villager (Male) |
| 16:41 | Build | Farm |
| 16:43 | Build | Farm |
| 16:44 | Build | Farm |
| 16:47 | Build | Farm |
| 16:56 | Build | Farm |
| 17:01 | Build | Farm |
| 17:03 | Build | Farm |
| 17:05 | Build | Farm |
| 17:06 | Build | Farm |
| 17:07 | Create | Villager (Male) |
| 17:07 | Create | Villager (Male) |
| 17:20 | Build | Farm |
| 17:21 | Build | Farm |
| 17:23 | Build | Farm |
| 17:26 | Build | Farm |
| 17:27 | Build | Farm |
| 17:28 | Create | Villager (Male) |
| 17:33 | Create | Villager (Male) |
| 17:42 | Build | House |
| 17:43 | Build | House |
| 17:44 | Build | House |
| 18:06 | Create | Villager (Male) |
| 18:06 | Create | Villager (Male) |
| 18:08 | Build | Mining Camp |
| 18:23 | Create | Villager (Male) |
| 18:24 | Create | Villager (Male) |
| 18:27 | Research | Gold Mining |
| 18:40 | Create | Villager (Male) |
| 19:16 | Build | Palisade Gate |
| 19:28 | Create | Villager (Male) |
| 19:29 | Create | Villager (Male) |
| 19:29 | Create | Villager (Male) |
| 19:33 | Build | Blacksmith |
| 19:36 | Build | Market |
| 19:40 | Create | Villager (Male) |
| 19:41 | Create | Villager (Male) |
| 19:43 | Research | Stone Mining |
| 20:06 | Build | Lumber Camp |
| 20:11 | Create | Villager (Male) |
| 20:23 | Research | Castle Age |
| 20:26 | Build | House |
| 20:27 | Build | House |
| 20:35 | Research | Scale Barding Armor |
| 20:36 | Research | Forging |
| 20:48 | Create | Villager (Male) |
| 20:53 | Create | Villager (Male) |
| 21:08 | Build | Barracks |
| 21:16 | Build | House |
| 21:17 | Build | House |
| 21:18 | Build | House |
| 21:33 | Research | Town Watch |
| 21:59 | Build | Stable |
| 22:03 | Build | Stable |
| 22:06 | Build | Stable |
| 22:12 | Build | Stable |
| 22:17 | Create | Villager (Male) |
| 22:17 | Create | Villager (Male) |
| 22:28 | Create | Villager (Male) |
| 22:31 | Build | House |
Build order — Obi
First 150 of 382 actions detected
| 0:02 | Create | Villager (Male) |
| 0:02 | Create | Villager (Male) |
| 0:03 | Create | Villager (Male) |
| 0:04 | Build | House |
| 0:06 | Build | House |
| 0:07 | Create | Villager (Male) |
| 0:14 | Create | Villager (Male) |
| 0:14 | Create | Villager (Male) |
| 0:14 | Create | Villager (Male) |
| 1:23 | Create | Villager (Male) |
| 1:24 | Create | Villager (Male) |
| 1:24 | Create | Villager (Male) |
| 1:44 | Build | Lumber Camp |
| 1:59 | Create | Villager (Male) |
| 1:59 | Create | Villager (Male) |
| 2:23 | Create | Villager (Male) |
| 2:23 | Create | Villager (Male) |
| 2:24 | Create | Villager (Male) |
| 2:56 | Create | Villager (Male) |
| 2:56 | Create | Villager (Male) |
| 2:57 | Create | Villager (Male) |
| 3:33 | Create | Villager (Male) |
| 3:33 | Create | Villager (Male) |
| 3:40 | Build | House |
| 4:04 | Create | Villager (Male) |
| 4:04 | Create | Villager (Male) |
| 4:04 | Create | Villager (Male) |
| 4:04 | Create | Villager (Male) |
| 4:08 | Build | Mill |
| 4:39 | Create | Villager (Male) |
| 4:40 | Create | Villager (Male) |
| 4:40 | Create | Villager (Male) |
| 4:50 | Build | House |
| 4:53 | Build | House |
| 4:57 | Create | Villager (Male) |
| 4:58 | Create | Villager (Male) |
| 4:58 | Create | Villager (Male) |
| 5:27 | Create | Villager (Male) |
| 5:47 | Create | Villager (Male) |
| 5:47 | Create | Villager (Male) |
| 5:48 | Create | Villager (Male) |
| 5:48 | Create | Villager (Male) |
| 7:06 | Create | Villager (Male) |
| 7:06 | Create | Villager (Male) |
| 7:33 | Build | Mining Camp |
| 8:08 | Create | Villager (Male) |
| 8:09 | Create | Villager (Male) |
| 8:36 | Build | Farm |
| 8:37 | Build | Farm |
| 8:38 | Build | Farm |
| 8:56 | Create | Villager (Male) |
| 9:17 | Create | Villager (Male) |
| 9:53 | Build | Farm |
| 9:57 | Research | Feudal Age |
| 12:01 | Age | Feudal Age |
| 12:04 | Create | Villager (Male) |
| 12:04 | Create | Villager (Male) |
| 12:14 | Build | Market |
| 12:18 | Build | Blacksmith |
| 12:42 | Create | Villager (Male) |
| 12:58 | Research | Double-Bit Axe |
| 13:04 | Research | Horse Collar |
| 13:15 | Research | Castle Age |
| 13:15 | Research | Castle Age |
| 13:15 | Research | Castle Age |
| 14:30 | Create | Villager (Male) |
| 14:31 | Create | Villager (Male) |
| 15:34 | Create | Villager (Male) |
| 15:35 | Create | Villager (Male) |
| 15:40 | Age | Castle Age |
| 15:44 | Build | Town Center |
| 15:47 | Build | Town Center |
| 15:50 | Build | Town Center |
| 15:52 | Build | House |
| 15:59 | Research | Wheelbarrow |
| 16:42 | Create | Villager (Male) |
| 16:43 | Create | Villager (Male) |
| 16:53 | Research | Heavy Plow |
| 16:56 | Create | Villager (Male) |
| 16:56 | Create | Villager (Male) |
| 16:59 | Build | Farm |
| 17:11 | Create | Villager (Male) |
| 17:11 | Create | Villager (Male) |
| 17:19 | Build | Farm |
| 17:23 | Build | Farm |
| 17:24 | Build | Farm |
| 17:26 | Build | Farm |
| 17:27 | Create | Villager (Male) |
| 17:28 | Create | Villager (Male) |
| 17:41 | Build | Farm |
| 17:43 | Build | Farm |
| 17:45 | Build | Farm |
| 17:47 | Build | Farm |
| 17:50 | Create | Villager (Male) |
| 17:50 | Create | Villager (Male) |
| 17:50 | Create | Villager (Male) |
| 17:56 | Build | Farm |
| 18:12 | Create | Villager (Male) |
| 18:12 | Create | Villager (Male) |
| 18:12 | Create | Villager (Male) |
| 18:13 | Create | Villager (Male) |
| 18:16 | Build | Farm |
| 18:17 | Build | Farm |
| 18:20 | Build | Farm |
| 18:23 | Build | House |
| 18:25 | Build | House |
| 18:35 | Build | Lumber Camp |
| 18:40 | Build | Farm |
| 18:46 | Create | Villager (Male) |
| 18:46 | Create | Villager (Male) |
| 18:51 | Create | Villager (Male) |
| 18:52 | Create | Villager (Male) |
| 19:02 | Build | Farm |
| 19:02 | Build | Farm |
| 19:03 | Build | Farm |
| 19:03 | Build | Farm |
| 19:04 | Build | Farm |
| 19:06 | Create | Villager (Male) |
| 19:06 | Create | Villager (Male) |
| 19:28 | Build | Farm |
| 19:29 | Build | Farm |
| 19:31 | Build | Farm |
| 19:33 | Create | Villager (Male) |
| 19:33 | Create | Villager (Male) |
| 19:38 | Build | House |
| 19:39 | Build | House |
| 19:52 | Create | Villager (Male) |
| 19:52 | Create | Villager (Male) |
| 19:54 | Build | Farm |
| 19:55 | Build | Farm |
| 20:05 | Create | Villager (Male) |
| 20:08 | Build | Farm |
| 20:11 | Build | Farm |
| 20:14 | Create | Villager (Male) |
| 20:14 | Create | Villager (Male) |
| 20:18 | Build | House |
| 20:20 | Build | House |
| 20:22 | Build | House |
| 20:27 | Build | Farm |
| 20:31 | Create | Villager (Male) |
| 20:31 | Create | Villager (Male) |
| 20:40 | Create | Villager (Male) |
| 20:41 | Create | Villager (Male) |
| 20:41 | Create | Villager (Male) |
| 20:44 | Build | Farm |
| 20:48 | Build | Farm |
| 20:52 | Build | Farm |
| 20:54 | Create | Villager (Male) |
| 20:54 | Create | Villager (Male) |
| 20:56 | Create | Villager (Male) |
Build order — 76561199637814403
First 150 of 296 actions detected
| 0:02 | Research | Loom |
| 0:03 | Build | House |
| 0:06 | Build | House |
| 0:13 | Create | Villager (Male) |
| 0:13 | Create | Villager (Male) |
| 0:13 | Create | Villager (Male) |
| 0:13 | Create | Villager (Male) |
| 1:25 | Create | Villager (Male) |
| 1:25 | Create | Villager (Male) |
| 1:52 | Build | Lumber Camp |
| 1:55 | Create | Villager (Male) |
| 1:55 | Create | Villager (Male) |
| 1:56 | Create | Villager (Male) |
| 2:31 | Create | Villager (Male) |
| 2:32 | Create | Villager (Male) |
| 2:32 | Create | Villager (Male) |
| 2:32 | Create | Villager (Male) |
| 2:46 | Build | House |
| 2:58 | Create | Villager (Male) |
| 3:32 | Build | House |
| 3:35 | Build | House |
| 3:45 | Create | Villager (Male) |
| 3:45 | Create | Villager (Male) |
| 4:18 | Create | Villager (Male) |
| 4:19 | Create | Villager (Male) |
| 4:19 | Create | Villager (Male) |
| 4:19 | Create | Villager (Male) |
| 4:51 | Create | Villager (Male) |
| 4:52 | Create | Villager (Male) |
| 5:09 | Create | Villager (Male) |
| 5:09 | Create | Villager (Male) |
| 5:09 | Create | Villager (Male) |
| 5:24 | Build | Mill |
| 5:43 | Create | Villager (Male) |
| 5:43 | Create | Villager (Male) |
| 6:37 | Create | Villager (Male) |
| 6:37 | Create | Villager (Male) |
| 6:37 | Create | Villager (Male) |
| 6:37 | Create | Villager (Male) |
| 7:04 | Build | Mill |
| 7:43 | Create | Villager (Male) |
| 8:02 | Build | Mining Camp |
| 8:14 | Create | Villager (Male) |
| 8:14 | Create | Villager (Male) |
| 8:14 | Create | Villager (Male) |
| 9:04 | Build | Mining Camp |
| 9:19 | Research | Feudal Age |
| 9:20 | Create | Villager (Male) |
| 9:20 | Create | Villager (Male) |
| 9:22 | Create | Villager (Male) |
| 11:54 | Age | Feudal Age |
| 11:58 | Build | Market |
| 12:02 | Build | Blacksmith |
| 12:26 | Research | Double-Bit Axe |
| 12:56 | Build | House |
| 13:02 | Research | Castle Age |
| 13:32 | Research | Horse Collar |
| 13:55 | Build | Farm |
| 14:00 | Build | Farm |
| 14:06 | Build | Farm |
| 14:14 | Build | Farm |
| 14:17 | Research | Fletching |
| 14:18 | Create | Villager (Male) |
| 14:18 | Create | Villager (Male) |
| 15:49 | Age | Castle Age |
| 15:52 | Build | Castle |
| 15:57 | Research | Bodkin Arrow |
| 15:58 | Create | Villager (Male) |
| 15:58 | Create | Villager (Male) |
| 16:17 | Build | Town Center |
| 16:26 | Build | Farm |
| 16:28 | Create | Villager (Male) |
| 16:48 | Build | Farm |
| 17:15 | Create | Villager (Male) |
| 17:18 | Build | Farm |
| 17:22 | Create | Plumed Archer |
| 17:22 | Create | Plumed Archer |
| 17:22 | Create | Plumed Archer |
| 17:38 | Create | Villager (Male) |
| 17:49 | Create | Villager (Male) |
| 17:49 | Create | Villager (Male) |
| 17:49 | Create | Villager (Male) |
| 17:53 | Build | Farm |
| 17:55 | Build | Farm |
| 17:57 | Build | Farm |
| 18:00 | Build | Farm |
| 18:03 | Build | Farm |
| 18:07 | Create | Villager (Male) |
| 18:09 | Create | Plumed Archer |
| 18:10 | Create | Plumed Archer |
| 18:17 | Create | Villager (Male) |
| 18:28 | Build | Farm |
| 18:33 | Build | Farm |
| 18:39 | Create | Plumed Archer |
| 18:40 | Create | Plumed Archer |
| 18:42 | Create | Villager (Male) |
| 18:52 | Create | Plumed Archer |
| 18:53 | Create | Plumed Archer |
| 18:55 | Create | Villager (Male) |
| 19:04 | Build | House |
| 19:06 | Build | House |
| 19:12 | Create | Petard |
| 19:12 | Create | Petard |
| 19:21 | Build | Farm |
| 19:24 | Build | Farm |
| 19:29 | Create | Petard |
| 19:30 | Create | Plumed Archer |
| 19:30 | Create | Plumed Archer |
| 19:37 | Create | Villager (Male) |
| 19:47 | Create | Plumed Archer |
| 19:48 | Create | Plumed Archer |
| 19:57 | Create | Villager (Male) |
| 19:57 | Create | Villager (Male) |
| 20:18 | Create | Plumed Archer |
| 20:19 | Create | Plumed Archer |
| 20:24 | Build | House |
| 20:24 | Create | Villager (Male) |
| 20:25 | Create | Villager (Male) |
| 20:41 | Research | Padded Archer Armor |
| 20:41 | Research | Padded Archer Armor |
| 20:47 | Build | University |
| 20:55 | Create | Plumed Archer |
| 20:58 | Build | House |
| 20:59 | Create | Villager (Male) |
| 21:00 | Create | Villager (Male) |
| 21:22 | Create | Plumed Archer |
| 21:23 | Create | Plumed Archer |
| 22:09 | Create | Plumed Archer |
| 22:09 | Create | Plumed Archer |
| 22:33 | Build | Farm |
| 22:34 | Build | Farm |
| 22:34 | Create | Villager (Male) |
| 22:35 | Create | Villager (Male) |
| 22:35 | Create | Villager (Male) |
| 22:36 | Create | Villager (Male) |
| 22:53 | Build | House |
| 23:07 | Create | Plumed Archer |
| 23:23 | Research | Ballistics |
| 23:23 | Research | Ballistics |
| 23:23 | Research | Ballistics |
| 23:43 | Build | Farm |
| 23:44 | Build | Farm |
| 23:45 | Create | Villager (Male) |
| 23:45 | Create | Villager (Male) |
| 23:46 | Create | Villager (Male) |
| 23:50 | Create | Plumed Archer |
| 23:50 | Create | Plumed Archer |
| 23:54 | Create | Villager (Male) |
| 23:54 | Create | Villager (Male) |
| 23:56 | Create | Villager (Male) |
Build order — BlackAmaru.PE
First 150 of 502 actions detected
| 0:04 | Create | Villager (Male) ×4 |
| 0:04 | Create | Villager (Male) ×4 |
| 0:08 | Build | House |
| 0:09 | Build | House |
| 1:42 | Create | Villager (Male) |
| 1:42 | Create | Villager (Male) |
| 1:42 | Create | Villager (Male) |
| 1:42 | Create | Villager (Male) |
| 1:52 | Create | Villager (Male) |
| 1:53 | Create | Villager (Male) |
| 1:53 | Create | Villager (Male) |
| 1:53 | Create | Villager (Male) |
| 2:26 | Create | Villager (Male) |
| 2:26 | Create | Villager (Male) |
| 2:27 | Create | Villager (Male) |
| 2:40 | Create | Villager (Male) |
| 2:40 | Create | Villager (Male) |
| 2:40 | Create | Villager (Male) |
| 2:40 | Create | Villager (Male) |
| 2:55 | Create | Villager (Male) |
| 2:55 | Create | Villager (Male) |
| 2:58 | Build | Lumber Camp |
| 3:15 | Build | House |
| 3:17 | Create | Villager (Male) |
| 3:17 | Create | Villager (Male) |
| 3:43 | Build | House |
| 3:46 | Create | Villager (Male) |
| 3:46 | Create | Villager (Male) |
| 3:47 | Create | Villager (Male) |
| 4:00 | Create | Villager (Male) |
| 4:00 | Create | Villager (Male) |
| 4:00 | Create | Villager (Male) |
| 4:00 | Create | Villager (Male) |
| 5:03 | Build | Palisade Wall |
| 5:07 | Build | Palisade Wall |
| 5:12 | Create | Villager (Male) |
| 5:12 | Create | Villager (Male) |
| 5:13 | Create | Villager (Male) |
| 5:13 | Create | Villager (Male) |
| 5:31 | Create | Villager (Male) |
| 5:31 | Create | Villager (Male) |
| 5:31 | Create | Villager (Male) |
| 5:31 | Create | Villager (Male) |
| 5:47 | Build | Palisade Wall |
| 6:15 | Create | Villager (Male) |
| 6:17 | Create | Villager (Male) |
| 6:18 | Create | Villager (Male) |
| 6:30 | Create | Villager (Male) |
| 6:30 | Create | Villager (Male) |
| 6:30 | Create | Villager (Male) |
| 7:01 | Create | Villager (Male) |
| 7:01 | Create | Villager (Male) |
| 7:01 | Create | Villager (Male) |
| 7:01 | Create | Villager (Male) |
| 7:21 | Build | Mill |
| 7:27 | Create | Villager (Male) |
| 7:27 | Create | Villager (Male) |
| 8:14 | Build | Farm |
| 8:14 | Build | Farm |
| 8:14 | Build | Farm |
| 8:15 | Build | Farm |
| 8:15 | Build | Farm |
| 8:16 | Create | Villager (Male) |
| 8:16 | Create | Villager (Male) |
| 8:16 | Create | Villager (Male) |
| 8:16 | Create | Villager (Male) |
| 8:16 | Create | Villager (Male) |
| 8:24 | Create | Villager (Male) |
| 8:24 | Create | Villager (Male) |
| 8:25 | Create | Villager (Male) |
| 8:25 | Create | Villager (Male) |
| 8:25 | Create | Villager (Male) |
| 8:42 | Build | House |
| 9:03 | Research | Feudal Age |
| 9:03 | Research | Feudal Age |
| 9:03 | Research | Feudal Age |
| 9:03 | Research | Feudal Age |
| 10:11 | Build | Mining Camp |
| 10:58 | Create | Villager (Male) |
| 11:13 | Age | Feudal Age |
| 11:17 | Build | Blacksmith |
| 11:31 | Build | Market |
| 11:35 | Create | Villager (Male) |
| 11:48 | Create | Villager (Male) |
| 12:05 | Build | Farm |
| 12:05 | Build | Farm |
| 12:06 | Build | Farm |
| 12:06 | Build | Farm |
| 12:07 | Create | Villager (Male) |
| 13:03 | Research | Castle Age |
| 13:03 | Research | Castle Age |
| 13:24 | Build | House |
| 13:25 | Build | House |
| 13:48 | Research | Double-Bit Axe |
| 13:58 | Research | Horse Collar |
| 13:58 | Research | Horse Collar |
| 13:58 | Research | Horse Collar |
| 13:59 | Research | Horse Collar |
| 14:02 | Build | Farm |
| 14:38 | Build | Barracks |
| 15:11 | Create | Villager (Male) |
| 15:40 | Build | Stable |
| 15:43 | Age | Castle Age |
| 15:43 | Create | Spearman |
| 16:02 | Create | Villager (Male) |
| 16:14 | Build | Town Center |
| 16:23 | Create | Villager (Male) |
| 16:34 | Build | House |
| 16:35 | Build | House |
| 16:36 | Build | House |
| 16:36 | Build | House |
| 16:40 | Build | Monastery |
| 16:43 | Create | Scout Cavalry |
| 16:58 | Build | House |
| 16:59 | Build | House |
| 16:59 | Build | House |
| 16:59 | Build | House |
| 17:00 | Build | House |
| 17:01 | Create | Villager (Male) |
| 17:11 | Create | Villager (Male) |
| 17:18 | Build | Town Center |
| 17:23 | Create | Villager (Male) |
| 17:35 | Create | Villager (Male) |
| 17:38 | Create | Monk |
| 17:47 | Create | Villager (Male) |
| 17:51 | Create | Villager (Male) |
| 18:18 | Create | Villager (Male) |
| 18:18 | Create | Villager (Male) |
| 18:19 | Create | Villager (Male) |
| 18:19 | Create | Villager (Male) |
| 18:19 | Create | Villager (Male) |
| 18:45 | Create | Villager (Male) |
| 18:45 | Create | Villager (Male) |
| 18:45 | Create | Villager (Male) |
| 18:46 | Create | Villager (Male) |
| 19:09 | Create | Villager (Male) |
| 19:17 | Build | Farm |
| 19:29 | Research | Heavy Plow |
| 19:30 | Research | Heavy Plow |
| 19:30 | Research | Heavy Plow |
| 19:30 | Research | Heavy Plow |
| 19:35 | Create | Monk |
| 19:40 | Create | Villager (Male) |
| 19:41 | Create | Villager (Male) |
| 19:41 | Create | Villager (Male) |
| 20:10 | Create | Villager (Male) |
| 20:10 | Create | Villager (Male) ×2 |
| 20:10 | Create | Villager (Male) ×2 |
| 20:11 | Create | Villager (Male) ×2 |
| 20:15 | Create | Villager (Male) |
Match timeline
| 5:03 | BlackAmaru.PE · wall_segment Palisade Wall x2 |
| 5:07 | BlackAmaru.PE · wall_segment Palisade Wall x6 |
| 5:47 | BlackAmaru.PE · wall_segment Palisade Wall x8 |
| 9:01 | Mick... · age_up feudal |
| 9:13 | Visbot2187 · age_up feudal |
| 10:19 | EXILE | Neany · age_up feudal |
| 11:13 | BlackAmaru.PE · age_up feudal |
| 11:40 | TW_Picar · age_up feudal |
| 11:54 | 76561199637814403 · age_up feudal |
| 12:01 | Obi · age_up feudal |
| 12:33 | BlackAmaru.PE · first_market_buy 100 food |
| 12:36 | BlackAmaru.PE · first_market_sell 100 wood |
| 14:21 | TW_Picar · age_up castle |
| 14:38 | BlackAmaru.PE · first_building Barracks |
| 14:43 | EXILE | LauraHero · age_up feudal |
| 14:46 | Obi · first_market_buy 100 stone |
| 15:40 | BlackAmaru.PE · first_building Stable |
| 15:40 | Obi · age_up castle |
| 15:43 | BlackAmaru.PE · age_up castle |
| 15:49 | 76561199637814403 · age_up castle |
| 15:52 | 76561199637814403 · first_building Castle |
| 15:56 | EXILE | LauraHero · first_market_buy 100 stone |
| 16:40 | BlackAmaru.PE · first_building Monastery |
| 18:17 | EXILE | LauraHero · age_up castle |
| 18:29 | EXILE | LauraHero · first_building Castle |
| 18:31 | Mick... · age_up castle |
| 19:33 | EXILE | Neany · age_up castle |
| 19:46 | Mick... · first_building Siege Workshop |
| 20:21 | EXILE | Neany · first_market_buy 100 wood |
| 21:08 | Visbot2187 · first_building Barracks |
| 21:13 | TW_Picar · first_building Monastery |
| 21:59 | Visbot2187 · first_building Stable |
| 22:02 | Mick... · first_building Castle |
| 22:21 | Obi · first_building Barracks |
| 22:35 | Mick... · wall_segment Palisade Wall x1 |
| 23:03 | Mick... · wall_segment Palisade Wall x1 |
| 23:07 | Obi · first_building Stable |
| 23:07 | EXILE | LauraHero · age_up imperial |
| 23:19 | 76561199637814403 · first_market_sell 100 wood |
| 23:22 | TW_Picar · first_building Stable |
| 23:24 | Visbot2187 · age_up castle |
| 23:37 | Visbot2187 · first_building Castle |
| 23:45 | EXILE | Neany · first_building Castle |
| 24:43 | Visbot2187 · first_market_buy 100 wood |
| 24:56 | Obi · first_building Castle |
| 25:01 | Mick... · first_market_sell 100 food |
| 25:01 | Mick... · age_up imperial |
| 25:09 | EXILE | Neany · first_market_sell 500 wood |
| 25:25 | Obi · first_market_sell 500 wood |
| 26:04 | Mick... · first_building Barracks |
| 26:14 | EXILE | LauraHero · first_market_sell 100 stone |
| 26:47 | TW_Picar · first_building Castle |
| 27:04 | Mick... · first_building Archery Range |
| 27:23 | BlackAmaru.PE · first_building Siege Workshop |
| 28:52 | EXILE | Neany · first_building Barracks |
| 29:00 | EXILE | Neany · age_up imperial |
| 29:08 | TW_Picar · resign |
| 29:10 | Obi · age_up imperial |
| 30:13 | BlackAmaru.PE · age_up imperial |
| 30:30 | EXILE | Neany · first_building Archery Range |
| 31:04 | Visbot2187 · age_up imperial |
| 31:22 | 76561199637814403 · first_building Barracks |
| 32:15 | EXILE | Neany · first_building Siege Workshop |
| 32:18 | 76561199637814403 · first_building Archery Range |
| 32:52 | BlackAmaru.PE · first_building Castle |
| 33:02 | 76561199637814403 · age_up imperial |
| 33:24 | Obi · tribute_sent a jugador 1 |
| 33:24 | Obi · tribute_sent a jugador 2 |
| 33:24 | Obi · tribute_sent a jugador 3 |
| 33:24 | Obi · tribute_sent a jugador 4 |
| 33:24 | Obi · tribute_sent a jugador 5 |
| 33:24 | Obi · tribute_sent a jugador 7 |
| 33:24 | Obi · tribute_sent a jugador 8 |
| 35:13 | 76561199637814403 · wall_segment Stone Wall x5 |
| 35:29 | 76561199637814403 · wall_segment Stone Wall x2 |
| 36:02 | 76561199637814403 · wall_segment Stone Wall x4 |
[ AI ANALYSIS · 1 CREDIT ]
What really happened in this match?
Wolo.gg analyzes every decision: build order, eco, micro, common mistakes by bracket. Personalized analysis on WhatsApp or Discord in 30 seconds.
Civ guide
Italians
Perfil
Jugador #17839915